 Dungeon Sprint DCSS version 0.30-a0-469-g84de5afbc5 (webtiles) character file.

Game seed: 5045984405763886296

13700000 NinjaNoafa the Ninja (level 23, -29/131 HPs)
             Began as a Felid Wanderer on Dec 19, 2022.
             Was the Champion of Makhleb.
             Annihilated by a destroyer
             ... wielding a +9 vorpal great sword
              (146 damage)
             ... in the Dungeon (Sprint VIII: "Arena of Blood").
             The game lasted 00:02:37 (137 turns).

NinjaNoafa the Ninja (Felid Wanderer)                Turns: 137, Time: 00:02:37

Health: -29/131    AC:  3    Str:  6    XL:     23   Next: 24%
Magic:  55/55      EV: 51    Int: 15    God:    Makhleb [******]
Gold:   0          SH:  0    Dex: 27    Spells: 75/76 levels left
                                        Lives:  0   Deaths: 6

rFire   . . .      SeeInvis +      - Unarmed
rCold   + . .      Faith    .    (shield unavailable)
rNeg    . . .      Spirit   .    (body armour unavailable)
rPois   .          Reflect  .    (helmet unavailable)
rElec   .          Harm     .    (cloak unavailable)
rCorr   .          Rampage  .    (gloves unavailable)
Will    +++..      NoTele   +    (boots unavailable)
Stlth   ++++++++++               (no amulet)
HPRegen 0.41/turn                h - +27000 ring of slaying
MPRegen 0.34/turn                i - +30 ring of slaying

@: quick
A: very small, claws 1, fangs 3, see invisible, speed 1, shaggy fur 3, stealthy
paws, no weapons or thrown items, no armour, multi-lived
a: Renounce Religion, Minor Destruction, Lesser Servant of Makhleb, Major
Destruction, Greater Servant of Makhleb


You were in the Dungeon.
You worshipped Makhleb.
Makhleb was exalted by your worship.
You visited 1 branch

Inventory:

Jewellery
 h - a +27000 ring of slaying (left paw)
 i - a +30 ring of slaying (right paw)
Scrolls
 a - a scroll of fog
Potions
 d - a potion of haste
 e - 2 potions of magic


   Skills:
 O Level 27 Fighting
 O Level 27 Dodging
 O Level 27 Stealth
 O Level 27 Unarmed Combat
 O Level 27 Spellcasting
 O Level 27 Conjurations
 O Level 27 Hexes
 O Level 27 Summonings
 O Level 27 Necromancy
 O Level 27 Translocations
 O Level 27 Transmutations
 O Level 27 Fire Magic
 O Level 27 Ice Magic
 O Level 27 Air Magic
 O Level 27 Earth Magic
 O Level 27 Poison Magic
 O Level 27 Invocations
 O Level 27 Evocations


You had 75 spell levels left.
You knew the following spells:

 Your Spells              Type           Power      Damage    Failure   Level
a - Sting                 Tmut/Pois      100%       1d8       0%          1

Your spell library contained the following spells:

 Spells                   Type           Power      Damage    Failure   Level
 Poisonous Vapours        Pois/Air       100%       N/A       0%          2
 Olgreb's Toxic Radiance  Pois           79%        N/A       0%          4


Dungeon Overview and Level Annotations

Branches:
Dungeon (1/1)

Altars:
Makhleb

Annotations:
D The Captor


Innate Abilities, Weirdness & Mutations

You have sharp claws.
You have razor-sharp teeth.
You have supernaturally acute eyesight. (SInv)
You cover ground quickly. (Speed+)
Your thick and shaggy fur keeps you warm. (AC +3, rC+)
Your paws help you pounce on unaware monsters.
You are incapable of wielding weapons or throwing items.
You cannot wear armour.
You gain extra lives every three experience levels.


Message History

Something smites you!
* * * LOW HITPOINT WARNING * * *
You hear a shout! x2
You hear a shout! x3
The fleshlord gestures at you while chanting.
You feel yourself slow down.
The bag of meat is engulfed in blazing flames.
The bag of meat hits you with a +9 war axe!
* * * LOW HITPOINT WARNING * * *
The eight-headed meat hydra calls on the powers of darkness!
The eight-headed meat hydra convulses!
The bag of meat convulses! x3
Your body is wracked with pain!
* * * LOW HITPOINT WARNING * * *
The observer convulses!
The Captor convulses!
The scourge convulses! x2
The accursed casts a spell at you. Something smites you!
* * * LOW HITPOINT WARNING * * *
The accursed casts a spell at you. Something smites you!
You die...
You are now level 23!
You rejoin the land of the living...
A destroyer comes into view. It is wielding a +9 vorpal great sword.
You hear a shout! x5
The destroyer casts a spell at you.
The destroyer blinks!
You hear a shout! x3
A demon appears!
The meat beast appears out of thin air!
A meat beast comes into view.
The destroyer appears out of thin air!
A destroyer comes into view. It is wielding a +9 vorpal great sword.
You hear a shout! x2
The scourge throws poison sting at you. The poison arrow misses you.
You hear a shout! x2
A demon appears!
You hear a shout! x10
The destroyer hits you with a +9 vorpal great sword!!!!!
Ouch! That really hurt!
You die... ..... #..... #.. ..... #....#.... #.... #....#.... ..... #........V ..o## #......... .VoO.

#.2.2..... .oo.
#......... M. .o..
#.@V.M...# #M ....
#.3..S....#. .o..
#..###S..#. ...o
#...p##o..# M..#
#.....#M@... .L.O
#......M##.. Xo..##
####..).o##MDoL.MX.
####†§o.X.####oL
####.M.GO22oO


You could see an accursed, a meat beast (fast), 2 destroyers, 2 scourges, a bag
of meat, a friendly balrug (summoned) and a friendly neqoxec (summoned,
wandering).

Vanquished Creatures
  4 hell beasts (D)
  Edmund (D)
  2 great orbs of eyes (D)
  9 vampire knights (D)
  22 ogres (D)
  2 two-headed ogres (D)
  3 liches (D)
  A hydra (D)
  2 phantoms (D)
  34 orcs (D)
  2 skeletal warriors (D)
  A sea snake (D)
83 creatures vanquished.

Vanquished Creatures (collateral kills)
  An orc (D)
1 creature vanquished.

Grand Total: 84 creatures vanquished

Notes
Turn   | Place    | Note
-------+----------+-------------------------------------------
     0 | D        | NinjaNoafa the Felid Wanderer began the quest for the Orb.
     0 | D        | NinjaNoafa set off with the following items: a scroll of
                  | fog, 2 potions of heal wounds, a potion of curing, a potion
                  | of haste, 2 potions of magic, a potion of berserk rage, a
                  | scroll of blinking; and the following spell memorised:
                  | Sting; and the following spells available to memorise:
                  | Poisonous Vapours, Olgreb's Toxic Radiance.
     0 | D        | Reached XP level 1. HP: 9/9 MP: 4/4
     0 | D        | Noticed a meat berserker
     3 | D        | Noticed a bag of meat
     5 | D        | Killed a meat berserker
     5 | D        | Noticed a meat berserker
     6 | D        | Reached XP level 2. HP: 23/23 MP: 4/15
     6 | D        | Reached XP level 3. HP: 27/27 MP: 4/17
     6 | D        | Reached XP level 4. HP: 31/31 MP: 4/18
     6 | D        | Reached XP level 5. HP: 34/34 MP: 4/20
     6 | D        | Gained mutation: You are covered in thick fur. (AC +2)
                  | [Felid growth]
     6 | D        | Reached XP level 6. HP: 39/39 MP: 4/21
     6 | D        | Reached XP level 7. HP: 42/42 MP: 4/23
     6 | D        | Reached XP level 8. HP: 46/46 MP: 4/24
     6 | D        | Reached XP level 9. HP: 49/49 MP: 4/25
     6 | D        | Reached XP level 10. HP: 54/54 MP: 4/26
     6 | D        | Reached XP level 11. HP: 57/57 MP: 4/27
     6 | D        | Noticed a bag of meat
     6 | D        | Noticed a bag of meat
     6 | D        | Noticed a meat berserker
     7 | D        | Became a worshipper of Makhleb the Destroyer
     8 | D        | Noticed a bag of meat
     9 | D        | Killed a meat berserker
     9 | D        | Noticed a bag of meat
    10 | D        | Gained mutation: Your thick and shaggy fur keeps you warm.
                  | (AC +3, rC+) [Felid growth]
    10 | D        | Reached XP level 12. HP: 64/64 MP: 3/30
    10 | D        | Reached XP level 13. HP: 68/68 MP: 3/31
    10 | D        | Noticed a bag of meat
    11 | D        | Noticed a meat berserker
    11 | D        | Noticed a bag of meat
    11 | D        | Noticed a bag of meat
    11 | D        | Noticed a bag of meat
    12 | D        | Noticed a bag of meat
    12 | D        | Noticed a bag of meat
    12 | D        | Noticed a bag of meat
    15 | D        | Killed a meat berserker
    15 | D        | Reached * piety under Makhleb
    15 | D        | Noticed a bag of meat
    15 | D        | Noticed a bag of meat
    15 | D        | Noticed a bag of meat
    16 | D        | Reached skill level 15 in Fighting
    16 | D        | Killed a meat berserker
    17 | D        | Reached skill level 15 in Spellcasting
    17 | D        | Reached skill level 15 in Poison Magic
    17 | D        | Reached XP level 14. HP: 76/76 MP: 4/34
    17 | D        | Noticed a meat berserker
    17 | D        | Killed a bag of meat
    18 | D        | Noticed a bag of meat
    18 | D        | Killed a bag of meat
    18 | D        | Reached ** piety under Makhleb
    18 | D        | Noticed a bag of meat
    18 | D        | Noticed a bag of meat
    20 | D        | Killed a bag of meat
    20 | D        | Noticed a large bag of meat
    20 | D        | Slain by a bag of meat
    20 | D        | Noticed a meat berserker
    21 | D        | Reached XP level 13. HP: -4/73 MP: 5/34
    21 | D        | Reached XP level 14. HP: 78/78 MP: 34/36
    21 | D        | Noticed a meat berserker
    21 | D        | Killed a meat berserker
    21 | D        | Noticed a bag of meat
    22 | D        | Killed a bag of meat
    22 | D        | Reached *** piety under Makhleb
    23 | D        | Reached skill level 27 in Stealth
    23 | D        | Noticed a large bag of meat
    24 | D        | Noticed a large bag of meat
    24 | D        | Noticed a destroyer
    25 | D        | Killed a bag of meat
    25 | D        | Noticed a destroyer
    25 | D        | Noticed a bag of meat
    25 | D        | Noticed a bag of meat
    25 | D        | Noticed a bag of meat
    26 | D        | Reached XP level 15. HP: 63/84 MP: 35/38
    26 | D        | Noticed a large bag of meat
    27 | D        | Noticed a large bag of meat
    27 | D        | Reached **** piety under Makhleb
    28 | D        | Killed a destroyer
    28 | D        | Annihilated by a destroyer
    29 | D        | Reached XP level 14. HP: -122/82 MP: 36/38
    29 | D        | Reached skill level 27 in Dodging
    29 | D        | Reached XP level 15. HP: 89/89 MP: 38/40
    29 | D        | Noticed a meat berserker
    29 | D        | Noticed a meat berserker
    30 | D        | Noticed an eight-headed meat hydra
    31 | D        | Noticed a meat berserker
    33 | D        | Killed a meat berserker
    34 | D        | Noticed a large bag of meat
    34 | D        | Noticed a destroyer
    35 | D        | Noticed a meat berserker
    35 | D        | Noticed a meat berserker
    35 | D        | Killed a meat berserker
    35 | D        | Noticed a meat berserker
    37 | D        | Reached XP level 16. HP: 52/98 MP: 39/43
    37 | D        | Reached ***** piety under Makhleb
    37 | D        | Noticed a meat berserker
    39 | D        | Reached skill level 27 in Fighting
    39 | D        | Noticed a large bag of meat
    40 | D        | Noticed a meat berserker
    41 | D        | Reached skill level 15 in Invocations
    42 | D        | Killed a meat berserker
    43 | D        | Reached XP level 17. HP: 97/104 MP: 40/46
    43 | D        | Noticed a destroyer
    43 | D        | Killed a destroyer
    43 | D        | Noticed a meat berserker
    44 | D        | Reached skill level 27 in Unarmed Combat
    45 | D        | Killed a meat berserker
    46 | D        | Killed a meat berserker
    46 | D        | Reached ****** piety under Makhleb
    46 | D        | Noticed a destroyer
    47 | D        | Reached skill level 27 in Spellcasting
    47 | D        | Reached skill level 27 in Poison Magic
    47 | D        | Reached XP level 18. HP: 98/109 MP: 41/50
    47 | D        | Killed a meat berserker
    48 | D        | Reached skill level 27 in Invocations
    48 | D        | Reached skill level 10 in Transmutations
    48 | D        | Killed a meat berserker
    48 | D        | Demolished by a large bag of meat
    48 | D        | Noticed a destroyer
    49 | D        | Reached XP level 17. HP: -14/104 MP: 41/49
    49 | D        | Noticed a meat berserker
    49 | D        | Noticed a sculptor of flesh
    49 | D        | Noticed a sculptor of flesh
    49 | D        | Noticed a tyrant
    50 | D        | Noticed a sculptor of flesh
    50 | D        | Noticed a meat berserker
    51 | D        | Killed a destroyer
    52 | D        | Reached skill level 27 in Transmutations
    52 | D        | Noticed an accursed
    53 | D        | Reached skill level 5 in Hexes
    53 | D        | Reached skill level 5 in Translocations
    53 | D        | Reached XP level 18. HP: 45/109 MP: 50/50
    53 | D        | Noticed a tentacled monstrosity
    53 | D        | Killed a sculptor of flesh
    53 | D        | Noticed a meat berserker
    54 | D        | Reached skill level 5 in Evocations
    54 | D        | Killed a meat berserker
    55 | D        | Killed a destroyer
    57 | D        | Reached skill level 10 in Evocations
    57 | D        | Noticed a tyrant
    58 | D        | Reached skill level 10 in Summonings
    58 | D        | Reached skill level 10 in Necromancy
    58 | D        | Noticed an accursed
    58 | D        | Killed a meat berserker
    58 | D        | Noticed a tyrant
    59 | D        | Reached skill level 10 in Conjurations
    59 | D        | Reached skill level 15 in Hexes
    59 | D        | Reached skill level 15 in Translocations
    59 | D        | Reached skill level 10 in Fire Magic
    59 | D        | Reached skill level 10 in Ice Magic
    59 | D        | Reached skill level 10 in Air Magic
    59 | D        | Reached skill level 10 in Earth Magic
    59 | D        | Reached XP level 19. HP: 33/113 MP: 51/51
    59 | D        | Killed a meat berserker
    60 | D        | Killed a meat berserker
    60 | D        | Noticed a large bag of meat
    61 | D        | HP: 2/113 [meat berserker/+9 battleaxe (82)]
    62 | D        | Noticed a tyrant
    62 | D        | Noticed an accursed
    62 | D        | Noticed a destroyer
    62 | D        | Noticed a destroyer
    63 | D        | Noticed a meat beast
    64 | D        | Killed a meat beast
    64 | D        | Noticed a destroyer
    64 | D        | Killed from afar by an accursed
    65 | D        | Reached XP level 18. HP: -8/109 MP: 50/50
    65 | D        | Reached skill level 15 in Conjurations
    65 | D        | Reached skill level 15 in Fire Magic
    65 | D        | Reached skill level 15 in Ice Magic
    65 | D        | Reached skill level 15 in Air Magic
    65 | D        | Reached skill level 15 in Earth Magic
    65 | D        | Reached XP level 19. HP: 113/113 MP: 51/51
    65 | D        | Noticed a meat beast
    66 | D        | Noticed a meat beast
    70 | D        | Killed a meat beast
    71 | D        | Reached XP level 20. HP: 118/118 MP: 52/52
    72 | D        | Noticed a meat berserker
    73 | D        | Killed a destroyer
    75 | D        | Killed a meat berserker
    75 | D        | Noticed an eight-headed meat hydra
    76 | D        | Reached skill level 27 in Hexes
    76 | D        | Reached skill level 27 in Translocations
    81 | D        | Killed an eight-headed meat hydra
    82 | D        | Reached XP level 21. HP: 25/122 MP: 53/53
    86 | D        | Noticed a meat beast
    88 | D        | Killed a tyrant
    90 | D        | Noticed a meat beast
    92 | D        | Killed a large bag of meat
    95 | D        | Killed a meat beast
    96 | D        | Reached XP level 22. HP: 127/127 MP: 54/54
    99 | D        | Noticed The Defiler
   101 | D        | Reached skill level 27 in Evocations
   101 | D        | Killed a meat beast
   102 | D        | Reached skill level 27 in Summonings
   102 | D        | Reached skill level 27 in Necromancy
   103 | D        | Noticed a meat beast
   104 | D        | Reached XP level 23. HP: 126/131 MP: 55/55
   105 | D        | Noticed a tyrant
   105 | D        | Noticed a tyrant
   106 | D        | Killed a destroyer
   107 | D        | Killed a destroyer
   108 | D        | Reached skill level 27 in Conjurations
   108 | D        | Reached skill level 27 in Fire Magic
   108 | D        | Reached skill level 27 in Ice Magic
   108 | D        | Reached skill level 27 in Air Magic
   108 | D        | Reached skill level 27 in Earth Magic
   108 | D        | Killed a destroyer
   109 | D        | Killed a destroyer
   112 | D        | Killed The Defiler
   113 | D        | Reached XP level 24. HP: 104/136 MP: 55/55
   115 | D        | Noticed an accursed
   116 | D        | Mangled by a meat beast
   117 | D        | Reached XP level 23. HP: -13/131 MP: 55/55
   117 | D        | Noticed a large bag of meat
   118 | D        | Noticed an accursed
   118 | D        | Noticed an accursed
   120 | D        | Noticed The Captor
   123 | D        | Noticed a tyrant
   129 | D        | Killed a tyrant
   131 | D        | Killed a tyrant
   131 | D        | Noticed an accursed
   132 | D        | Reached XP level 24. HP: 108/136 MP: 55/55
   132 | D        | Noticed a fleshlord
   133 | D        | Killed a large bag of meat
   134 | D        | HP: 2/136 [accursed/divine providence (12)]
   134 | D        | Killed from afar by an accursed
   135 | D        | Reached XP level 23. HP: -6/131 MP: 55/55
   135 | D        | Noticed a destroyer
   137 | D        | Noticed a meat beast
   137 | D        | Noticed a destroyer
   137 | D        | Annihilated by a destroyer

Illustrated notes

Levels and vault maps discovered:
D:        meatsprint

Skill      XL: |  1  2  3  4  5  6  7  8  9 10 11 12 13 14 15 16 17 18 19 20 21 22 23 |
---------------+----------------------------------------------------------------------+-----
Fighting       | 12 14 17 23 26 27 | 27.0
Dodging        | 16 18 21 27 26 | 27.0
Stealth        | 17 20 25 27 | 27.0
Unarmed Combat | 12 14 17 22 23 26 27 | 27.0
Spellcasting   | 11 13 17 20 22 24 27 | 27.0
Poison Magic   | 11 13 17 20 22 24 27 | 27.0
Invocations    | 6 12 17 24 27 | 27.0
Transmutations | 27 10 | 27.0
Conjurations   | 3 15 17 19 23 25 27 | 27.0
Hexes          | 5 22 25 27 | 27.0
Summonings     | 3 16 18 20 24 27 | 27.0
Necromancy     | 3 16 18 21 25 27 | 27.0
Translocations | 5 22 25 27 | 27.0
Fire Magic     | 3 15 17 19 23 25 27 | 27.0
Ice Magic      | 3 15 17 19 22 25 27 | 27.0
Air Magic      | 3 15 17 19 22 25 27 | 27.0
Earth Magic    | 3 15 17 19 22 25 27 | 27.0
Evocations     | 3 17 20 22 26 27 | 27.0

Action                   |  1- 3 |  4- 6 |  7- 9 | 10-12 | 13-15 | 16-18 | 19-21 | 22-24 || total
-------------------------+-------+-------+-------+-------+-------+-------+-------+-------++-------
Melee: Unarmed           |     1 |       |       |     1 |    14 |    20 |    21 |    29 ||    86
 Cast: Sting             |       |       |       |     1 |       |       |       |       ||     1
Invok: Lesser Servant of |       |       |       |       |     1 |     1 |     2 |     2 ||     6
       Greater Servant o |       |       |       |       |       |     1 |     1 |     2 ||     4
  Use: Potion            |       |       |       |       |       |       |     3 |     1 ||     4
       Scroll            |       |       |       |       |       |       |     1 |       ||     1
 Stab: Distracted        |       |       |       |       |     1 |       |       |       ||     1
Dodge: Dodged            |       |       |       |       |     8 |     4 |     8 |    13 ||    33

Table legend: (Time is in decaauts)
 A = Elapsed time spent in this place.
 B = Non-inter-level travel time spent in this place.
 C = Inter-level travel time spent in this place.
 D = Time resting spent in this place.
 E = Time spent auto-exploring this place.
 F = Levels seen in this place.
 G = Mean time per level.
                   A        B        C        D        E       F      G
               +--------+--------+--------+--------+--------+-----+--------+
         Total |     87 |     87 |      0 |      0 |      0 |   1 |   87.0 |
       Dungeon |     87 |     87 |      0 |      0 |      0 |   1 |   87.0 |
               +--------+--------+--------+--------+--------+-----+--------+

Top non-repeatable levels by time:
       D: 87 daAuts
